 Dungeon Crawl Stone Soup version 0.22-a0-614-g34fbaa0 (webtiles) character file.

463853 rgaf the Slayer (level 22, -3/213 HPs)
             Began as a Demigod Fighter on July 16, 2018.
             Killed from afar by a storm dragon (8 damage)
             ... with a bolt of lightning
             ... on level 5 of the Vaults on July 17, 2018.
             The game lasted 02:16:53 (78749 turns).

rgaf the Slayer (Demigod Fighter)                  Turns: 78749, Time: 02:16:54

Health: -3/213     AC: 32    Str: 37    XL:     22   Next: 61%
Magic:  0/34       EV: 16    Int: 26    God:
Gold:   2054       SH: 18    Dex: 15    Spells: 17/21 levels left

rFire    + + .     SeeInvis +   b - +7 eveningstar (freeze)
rCold    + + .     Gourm    .   L - +2 shield {reflect}
rNeg     . . .     Faith    .   d - +3 plate armour of Pusolaeh {rElec rC+ Stlth-}
rPois    +         Spirit   +   o - +2 hat {MR+}
rElec    +         Reflect  +   E - +2 cloak
rCorr    +         Harm     .   h - +0 pair of gloves
MR       +++..                  O - +1 pair of boots of the Past {*Contam Int+4 SInv Stlth+}
Stlth    ..........             c - amulet "Meefeuh" {Spirit rC+ Int+2 Dex-5}
HPRegen  0.45/turn              F - ring "Zyczono" {*Corrode rPois rF++ Str+5 SInv}
MPRegen  0.24/turn              A - ring "Asaa" {rCorr +Inv rElec Str+2 Dex+5}

@: mighty, marked
A: high mp 1
}: 1/15 runes: gossamer
a: Evoke Invisibility


You were on level 5 of the Vaults.
You were hungry.

You visited 7 branches of the dungeon, and saw 40 of its levels.
You visited 1 bazaar.
You also visited: Bailey and Ice Cave.

You collected 5558 gold pieces.
You spent 3504 gold pieces at shops.

Inventory:

Hand Weapons
 a - the +4 eveningstar of Uruesid {venom, +Fly rPois rF++ MR+ Str-2}
   (You acquired it on level 7 of the Dungeon)

   It poisons the flesh of those it strikes.
   It affects your strength (-2).
   It greatly protects you from fire.
   It protects you from poison.
   It affects your resistance to hostile enchantments.
   It lets you fly.
 b - a +7 eveningstar of freezing (weapon)
 q - a +4 demon whip of electrocution
 w - a +2 sacred scourge of holy wrath
Missiles
 t - 5 throwing nets (quivered)
Armour
 d - the +3 plate armour of Pusolaeh (worn) {rElec rC+ Stlth-}
   (You found it on level 2 of the Depths)

   It protects you from cold.
   It insulates you from electricity.
   It makes you less stealthy.
 h - a +0 pair of gloves (worn)
 o - a +2 hat of magic resistance (worn)
 s - +0 ice dragon scales
 D - a +2 shield of protection
 E - a +2 cloak (worn)
 G - the +2 large shield of Focus {*Corrode rF+ rN+ Str+2}
   (You took it off Mennas on level 3 of the Depths)

   It affects your strength (+2).
   It protects you from fire.
   It protects you from negative energy.
   It may corrode you when you take damage.
 L - a +2 shield of reflection (worn)
 O - the +1 pair of boots of the Past (worn) {*Contam Int+4 SInv Stlth+}
   (You bought it in a shop on level 2 of the Orcish Mines)

   It affects your intelligence (+4).
   It lets you see invisible.
   It causes magical contamination when unequipped.
   It makes you more stealthy.
Jewellery
 c - the amulet "Meefeuh" (around neck) {Spirit rC+ Int+2 Dex-5}
   (You found it on level 2 of the Depths)

   [amulet of guardian spirit]

   It causes incoming damage to be split between your health and magic.
   It affects your intelligence (+2).
   It affects your dexterity (-5).
   It protects you from cold.
 m - a +5 ring of protection
 r - an uncursed ring of protection from magic
 A - the ring "Asaa" (right hand) {rCorr +Inv rElec Str+2 Dex+5}
   (You bought it in a shop in a bazaar)

   [ring of resist corrosion]

   It affects your strength (+2).
   It affects your dexterity (+5).
   It insulates you from electricity.
   It lets you turn invisible.
 F - the ring "Zyczono" (left hand) {*Corrode rPois rF++ Str+5 SInv}
   (You bought it in a shop in a bazaar)

   [ring of strength]

   It affects your strength (+5).
   It greatly protects you from fire.
   It protects you from poison.
   It lets you see invisible.
   It may corrode you when you take damage.
 H - the ring "Larhav" {Fire MP-9 Str+3 Slay+3}
   (You found it on level 9 of the Dungeon)

   [ring of fire]

   It enhances your fire magic.
   It affects your strength (+3).
   It affects your accuracy and damage with ranged weapons and melee attacks
   (+3).
   It protects you from fire.
   It makes you vulnerable to cold.
   It affects your magic capacity (-9).
 Q - the ring "Basipn" {+Fly rPois rF+ Dex-5 SInv}
   (You took it off a yaktaur on level 2 of the Depths)

   [ring of protection from fire]

   It affects your dexterity (-5).
   It protects you from fire.
   It protects you from poison.
   It lets you see invisible.
   It lets you fly.
 W - the ring "Atoiset" {rCorr rElec}
   (You found it on level 1 of the Depths)

   [ring of resist corrosion]

   It insulates you from electricity.
 Y - the amulet "Olaistod" {Faith *Contam rF+ rN+, unknown}
   (You found it on level 2 of the Depths)

   [amulet of faith]

   It allows you to gain divine favour quickly.
   It protects you from fire.
   It protects you from negative energy.
   It causes magical contamination when unequipped.
 Z - the ring of Doors {rPois SInv Stlth+}
   (You found it on level 2 of the Spider Nest)

   [ring of stealth]

   It protects you from poison.
   It lets you see invisible.
   It makes you more stealthy.
Wands
 I - a wand of paralysis (47)
 K - a wand of polymorph (30)
 N - a wand of enslavement (18)
 R - a wand of iceblast (24)
 T - a wand of digging (9)
Scrolls
 g - 6 scrolls of fog
 j - 2 scrolls of silence
 p - a scroll of enchant weapon
 y - 28 scrolls of remove curse
 C - 5 scrolls of enchant armour
 P - 2 scrolls of brand weapon
 U - 6 scrolls of vulnerability
 X - a scroll of holy word
Potions
 i - 5 potions of curing
 k - 7 potions of agility
 n - a potion of resistance
 v - 6 potions of brilliance
 x - 5 potions of mutation
 z - 4 potions of flight
 B - 4 potions of magic
 J - 5 potions of haste
 M - 4 potions of lignification
 V - 3 potions of ambrosia
Comestibles
 f - 50 rations


   Skills:
 + Level 21.4 Fighting
 - Level 16.0 Maces & Flails
 * Level 20.2 Armour
 - Level 10.7 Dodging
 - Level 15.0 Shields
 - Level 10.0 Evocations


You had 17 spell levels left.
You knew the following spells:

 Your Spells              Type           Power        Failure   Level  Hunger
a - Summon Lightning Spi  Summ/Air       #.......     98%         4    #####..

Your spell library contained the following spells:

 Spells                   Type           Power        Failure   Level  Hunger
 Cause Fear               Hex            #.........   98%         4    #####..
 Slow                     Hex            #.......     52%         2    ###....
 Mephitic Cloud           Conj/Pois/Air  #.......     75%         3    ####...
 Venom Bolt               Conj/Pois      #.........   100%        5    ######.
 Olgreb's Toxic Radiance  Pois           #.......     98%         4    #####..
 Summon Small Mammal      Summ           #...         36%         1    ##.....
 Animate Dead             Necr           N/A          98%         4    #####..
 Pain                     Necr           #...         36%         1    ##.....
 Animate Skeleton         Necr           N/A          36%         1    ##.....
 Vampiric Draining        Necr           #.........   75%         3    ####...
 Summon Ice Beast         Ice/Summ       #.......     98%         4    #####..
 Call Imp                 Summ           #.......     52%         2    ###....
 Regeneration             Chrm/Necr      #.........   75%         3    ####...
 Sting                    Conj/Pois      #...         36%         1    ##.....
 Spider Form              Tmut/Pois      #.........   75%         3    ####...
 Blade Hands              Tmut           #.........   100%        5    ######.
 Ice Form                 Ice/Tmut       #.......     98%         4    #####..
 Deflect Missiles         Chrm/Air       #.........   100%        6    #######
 Sticks to Snakes         Tmut           #.......     52%         2    ###....
 Call Canine Familiar     Summ           #.......     75%         3    ####...
 Silence                  Hex/Air        #.........   100%        5    ######.
 Corona                   Hex            #......      36%         1    ##.....
 Portal Projectile        Hex/Tloc       #.....       75%         3    ####...
 Leda's Liquefaction      Hex/Erth       #.........   98%         4    #####..
 Inner Flame              Hex/Fire       #.......     75%         3    ####...
 Beastly Appendage        Tmut           #.....       36%         1    ##.....
 Discord                  Hex            #.........   100%        8    #######
 Summon Guardian Golem    Hex/Summ       #.......     75%         3    ####...
 Yara's Violent Unravell  Hex/Tmut       #.........   100%        5    ######.
 Poisonous Vapours        Pois/Air       #.....       52%         2    ###....


Dungeon Overview and Level Annotations

Branches:
Dungeon (15/15)            Temple (0/1) D:6            Lair (6/6) D:10
 Shoals (3/4) Lair:3       Spider (4/4) Lair:2        Slime (0/5) Lair:6
    Orc (2/2) D:9             Elf (0/3) Orc:2        Vaults (5/5) D:14
  Crypt (0/3) Vaults:3     Depths (5/5) D:15            Zot (0/5) Depths:5

Shops:
Orc:2 =(*[   Shoals:1 }   Vaults:1 (   Vaults:2 ?   Depths:5 (

Portals:
Hell: Depths:1 Depths:2 Depths:3 Depths:4 Depths:5
Abyss: Depths:4
Pandemonium: Depths:2 Depths:3
Ziggurat: Depths:5

Annotations:
D:12 exclusion: orange crystal statue
Lair:3 exclusion: oklob plant
Lair:4 2 transporters, depriester88's ghost, journeyman DECj
Lair:5 exclusion: door
Orc:1 3 runed doors, Peony's ghost, novice MiBe
Depths:2 2 runed doors


Innate Abilities, Weirdness & Mutations

You have an increased reservoir of magic. (+10% MP)


Message History

The air twists around and strikes you!
* * * LOW HITPOINT WARNING * * *
The vault sentinel blows a loud note on a signal horn!
A titan comes into view.
A deep elf sorcerer comes into view. It is wielding a short sword.
A deep elf archer comes into view. It is wielding a short sword.
The deep elf sorcerer shouts, "You can't withstand my power!"
The vault sentinel shoots a bolt.
You reflect the bolt off your +2 shield of reflection!
The bolt hits the vault sentinel but does no damage.
The titan waves its arms in wide circles.
The air twists around and strikes you!
* * * LOW HITPOINT WARNING * * *
The deep elf mage hits you but does no damage.
The stone giant throws a large rock.
You reflect the large rock off your +2 shield of reflection!
The large rock hits the stone giant!!
The storm dragon breathes lightning at you.
The bolt of lightning hits you! You resist.
You die...

?....#....#
.(
#...........#
.........H.#
.........e#
#..p...eC.#
#.........#
#.......X.#
#.⌠...D...#
#...@.....#
#####.e...#
#.()..#
#.)...#
#.....#
##C...#
#.C..# #L...#
.C...#


You could see a tentacled monstrosity, a titan, a storm dragon, a sphinx, 2
stone giants, a lich, a deep elf sorcerer, a vault sentinel, a deep elf archer
and a deep elf mage.

Vanquished Creatures
  Mennas (Depths:3)
  Boris (Vaults:2)
  Frederick (Vaults:3)
  10 caustic shrikes
  A golden dragon (Depths:4)
  A bone dragon (Depths:5)
  4 liches
  Jorgrun (Spider:3)
  2 titans
  3 quicksilver dragons
  Gastronok (Lair:2)
  2 Executioners (Depths:2)
  Frances (D:12)
  Kirke (Spider:3)
  5 tengu reavers
  Polyphemus (Shoals:2)
  A shadow dragon (Depths:4)
  2 storm dragons (Depths:5)
  Donald (Shoals:1)
  2 sphinxes
  3 daevas (Depths:3)
  8 fire giants
  A draconian knight (Depths:5)
  12 vault wardens
  2 iron dragons
  A deep elf sorcerer (Vaults:3)
  Aizul (Vaults:1)
  An orc warlord (Orc:1)
  6 frost giants
  A balrug (Depths:5)
  3 ghost moths (Spider:4)
  A deep elf elementalist (Depths:3)
  A ghoul (Vaults:3)
  4 spriggan defenders (Depths:4)
  A draconian annihilator (Depths:5)
  12 ironheart preservers
  A draconian stormcaller (Depths:4)
  5 emperor scorpions
  3 angels
  3 very ugly things
  4 entropy weavers
  12 stone giants
  A war gargoyle (Vaults:5)
  4 deep elf demonologists
  2 red draconians
  A white draconian (Depths:5)
  A black draconian (Depths:5)
  2 deep elf annihilators (Vaults:3)
  8 spark wasps
  Azrael (D:12)
  A blizzard demon (Depths:2)
  A merfolk javelineer (Depths:1)
  6 ettins
  7 fire dragons
  13 yaktaur captains
  3 merfolk impalers
  14 great orbs of eyes
  5 hydras
  A hell beast (Depths:4)
  Harold (D:12)
  A deep elf high priest (Depths:4)
  3 rakshasas
  10 ice dragons
  2 alligator snapping turtles
  38 vault guards
  3 spriggan air magi
  8 centaur warriors
  3 catoblepae
  A dancing weapon (Vaults:5)
  5 satyrs
  5 death knights
  15 ogre magi
  55 two-headed ogres
  A queen ant (shapeshifter) (Vaults:2)
  19 death yaks
  A tengu warrior (Depths:1)
  A merfolk aquamancer (Lair:3)
  9 deep troll earth magi
  2 vampire magi (Depths:4)
  Urug (D:15)
  8 deep troll shamans
  4 orc high priests
  4 spriggan berserkers
  5 deep elf knights
  A titan skeleton (Depths:2)
  27 hell knights
  7 iron trolls
  A shadow wraith (Vaults:1)
  10 sea snakes
  5 unseen horrors
  6 cherubim (Depths:3)
  15 skeletal warriors
  2 storm dragon skeletons
  3 glowing orange brains
  32 deep trolls
  2 flayed ghosts
  3 deep elf archers
  14 orc knights
  15 harpies
  2 lindwurms (Lair:6)
  9 wizards
  2 harpies (shapeshifter)
  22 ironbrand convokers
  A mana viper (shapeshifter) (Depths:2)
  3 phantasmal warriors
  6 orb spiders
  5 orc sorcerers
  4 necromancers
  38 wolf spiders
  A wolf spider zombie (D:15)
  2 salamanders
  A fire giant zombie (Depths:2)
  24 ugly things
  2 human zombies (Vaults:2)
  18 fauns
  A salamander (shapeshifter) (Vaults:1)
  15 deep elf magi
  4 moths of wrath
  9 cyclopes
  10 manticores
  A shadow dragon skeleton (Vaults:3)
  4 elephants (Lair:5)
  11 merfolk sirens
  An elephant (shapeshifter) (Depths:4)
  12 vault sentinels
  A centaur zombie (D:12)
  A titan simulacrum (Depths:4)
  3 black mambas
  A fire giant skeleton (Vaults:3)
  A frost giant skeleton (Vaults:3)
  2 smoke demons (Depths:2)
  8 torpor snails
  3 gargoyles
  6 spiny frogs
  A yaktaur zombie (Vaults:2)
  A spiny frog (shapeshifter) (D:15)
  Psyche (D:8)
  5 kobold demonologists
  A hellion (Spider:4)
  7 komodo dragons
  45 yaktaurs
  A yaktaur (shapeshifter) (Vaults:2)
  12 demonic crawlers
  6 freezing wraiths
  5 hellwings
  A rime drake (Lair:3)
  A komodo dragon (shapeshifter) (Depths:5)
  8 human skeletons
  45 jumping spiders
  2 tyrant leeches (Lair:6)
  A tengu conjurer (Depths:5)
  A redback zombie (D:15)
  4 trolls
  A meliai (shapeshifter) (Vaults:4)
  A yaktaur skeleton (Vaults:3)
  18 merfolk
  A polar bear (shapeshifter) (Spider:4)
  9 polar bears (Lair:6)
  A wind drake (shapeshifter) (D:14)
  21 hornets
  7 hippogriffs
  Grinder (D:6)
  Prince Ribbit (Lair:2)
  21 blink frogs
  A stone giant simulacrum (Vaults:1)
  5 raiju
  5 snapping turtles
  3 dream sheep (Lair:5)
  A dream sheep (shapeshifter) (Depths:4)
  14 slime creatures
  99 redbacks
  An ettin skeleton (Vaults:3)
  24 tarantellas
  A centaur simulacrum (D:14)
  10 water elementals
  3 shadows
  2 spriggans (Depths:4)
  5 wraiths
  A ynoxinul (Depths:2)
  3 humans (Lair:5)
  7 wyverns
  A hog (Spider:3)
  61 yaks
  5 basilisks
  A basilisk (shapeshifter) (Vaults:1)
  2 fire elementals (D:12)
  4 hungry ghosts
  7 vampire mosquitoes
  14 wargs
  9 water moccasins
  2 acid dragons
  A soldier ant (D:15)
  A deep troll skeleton (Vaults:3)
  A floating eye (Depths:4)
  18 hell hounds
  12 porcupines
  3 ice beasts
  26 ogres
  41 orc warriors
  An eye of draining (shapeshifter) (Vaults:2)
  7 phantoms
  6 sky beasts
  2 eyes of draining
  5 boggarts
  2 necrophages
  15 black bears
  22 wolves
  11 centaurs
  An elf skeleton (Vaults:3)
  7 crocodiles
  14 bullfrogs
  An ogre simulacrum (Vaults:1)
  4 big kobolds
  A gnoll sergeant (D:12)
  A wyvern skeleton (D:13)
  2 scorpions
  4 human simulacra
  15 killer bees
  9 wights (D:14)
  6 howler monkeys
  6 crimson imps
  4 bullfrog zombies
  3 hounds
  3 jellies
  27 orc priests
  6 centaur skeletons
  A quasit (D:12)
  3 bullfrog skeletons
  An iron imp (Depths:3)
  3 iguanas
  40 orc wizards
  8 worker ants
  A hound skeleton (D:10)
  2 worker ant zombies
  11 gnolls
  A river rat (D:10)
  16 adders
  5 shadow imps
  12 white imps (Lair:6)
  3 oozes
  An adder zombie (D:8)
  An adder skeleton (D:4)
  2 worms
  2 dart slugs
  4 leopard geckos
  113 orcs
  8 bats
  6 giant cockroaches
  4 goblins
  4 hobgoblins
  7 jackals
  5 quokkas
  2 ball pythons
  A ball python zombie (D:5)
  4 frilled lizards
  21 kobolds
  2 leopard gecko skeletons
  A quokka skeleton (D:6)
  5 rats
  2 plants
1892 creatures vanquished.

Vanquished Creatures (collateral kills)
  An ironheart preserver (Vaults:4)
  A deep troll shaman (Vaults:4)
  A water moccasin (Lair:6)
3 creatures vanquished.

Vanquished Creatures (others)
  An ogre mage (Depths:1)
  2 two-headed ogres
  A deep troll shaman (Vaults:4)
  A deep troll earth mage (Vaults:4)
  A deep elf mage (Vaults:4)
  A yaktaur (Vaults:2)
  2 humans
  An ogre (Vaults:5)
  A human zombie (Vaults:2)
  An orc priest (Vaults:3)
  2 orcs
  A kobold (D:12)
  4 bushes
  13 fungi
  36 plants
68 creatures vanquished.

Grand Total: 1963 creatures vanquished

Notes
Turn   | Place    | Note
-------+----------+-------------------------------------------
     0 | D:1      | rgaf the Demigod Fighter began the quest for the Orb.
     0 | D:1      | Reached XP level 1. HP: 18/18 MP: 3/3
   293 | D:1      | Reached XP level 2. HP: 23/25 MP: 4/4
  1106 | D:2      | Reached XP level 3. HP: 29/30 MP: 5/5
  1206 | D:2      | Found a snail-covered altar of Cheibriados.
  1668 | D:2      | Found a glowing golden altar of the Shining One.
  1848 | D:2      | Reached XP level 4. HP: 25/37 MP: 6/6
  2490 | D:3      | Found an opulent altar of Gozag.
  2618 | D:3      | Reached XP level 5. HP: 42/42 MP: 7/7
  2733 | D:3      | Found a sparkling altar of Nemelex Xobeh.
  3521 | D:4      | Noticed a phantom
  3591 | D:4      | Killed a phantom
  3591 | D:4      | Reached skill level 5 in Maces & Flails
  3591 | D:4      | Reached XP level 6. HP: 34/50 MP: 8/8
  3943 | D:4      | Noticed a wyvern
  4352 | D:4      | Reached skill level 5 in Armour
  4352 | D:4      | Reached XP level 7. HP: 56/56 MP: 9/9
  4425 | D:4      | Killed a wyvern
  4678 | D:5      | Entered Level 5 of the Dungeon
  5609 | D:5      | Reached XP level 8. HP: 62/62 MP: 10/10
  6470 | D:6      | Reached skill level 3 in Fighting
  6478 | D:6      | Reached skill level 1 in Evocations
  6515 | D:6      | Noticed Grinder
  6537 | D:6      | Killed Grinder
  6589 | D:6      | Found an ornate altar of the Wu Jian Council.
  6965 | D:6      | Reached skill level 4 in Fighting
  7156 | D:6      | Found a staircase to the Ecumenical Temple.
  7707 | D:7      | Identified 2 scrolls of acquirement
  7710 | D:7      | Got a bone eveningstar
  7711 | D:7      | Identified the +4 eveningstar of Uruesid {venom, +Fly rPois rF++ MR+ Str-2} (You acquired it on level 7 of the Dungeon)
  7784 | D:7      | Reached XP level 9. HP: 71/72 MP: 14/14
  8704 | D:8      | Noticed Psyche
  8713 | D:8      | Killed Psyche
  8713 | D:8      | Reached skill level 5 in Fighting
  8830 | D:8      | Found a flagged portal.
  8854 | Bailey   | Entered a bailey
  9511 | D:9      | Found a staircase to the Orcish Mines.
  9531 | D:9      | Reached XP level 10. HP: 47/83 MP: 16/16
  9803 | D:9      | Got a coiled gossamer ring
  9804 | D:9      | Identified the ring "Larhav" {Fire MP-9 Str+3 Slay+3} (You found it on level 9 of the Dungeon)
  9815 | D:9      | Noticed a two-headed ogre
  9824 | D:9      | Killed a two-headed ogre
  9824 | D:9      | Reached skill level 5 in Evocations
  9943 | D:9      | Reached skill level 6 in Fighting
 10092 | D:9      | Found a hazy altar of Hepliaklqana.
 10315 | D:9      | Found a blossoming altar of Fedhas.
 10673 | D:10     | Entered Level 10 of the Dungeon
 10769 | D:10     | Reached skill level 10 in Maces & Flails
 10816 | D:10     | Noticed a death yak
 10818 | D:10     | Noticed a death yak
 10834 | D:10     | Noticed a death yak
 11111 | D:10     | Found a staircase to the Lair.
 11155 | D:10     | Found a bloodstained altar of Trog.
 11277 | D:9      | Killed a death yak
 11277 | D:9      | Reached skill level 1 in Dodging
 11342 | D:9      | Killed a death yak
 11445 | D:9      | Killed a death yak
 11535 | D:10     | Reached XP level 11. HP: 91/91 MP: 19/19
 11820 | D:11     | Reached skill level 7 in Fighting
 12053 | D:11     | Noticed a two-headed ogre
 12053 | D:11     | Noticed a two-headed ogre
 12188 | D:11     | Killed a two-headed ogre
 12255 | D:11     | Noticed a two-headed ogre
 12278 | D:10     | Killed a two-headed ogre
 12278 | D:10     | Reached skill level 5 in Dodging
 12391 | D:11     | Killed a two-headed ogre
 12468 | D:11     | Killed an unseen horror
 12973 | Lair:1   | Entered Level 1 of the Lair of Beasts
 13222 | Lair:1   | Noticed an eight-headed hydra
 13231 | Lair:1   | Killed an eight-headed hydra
 13231 | Lair:1   | Reached skill level 8 in Fighting
 13268 | Lair:1   | Reached XP level 12. HP: 86/101 MP: 20/20
 13676 | Lair:2   | Found a hole to the Spider Nest.
 13796 | Lair:2   | Noticed Prince Ribbit
 13818 | Lair:2   | Killed Prince Ribbit
 14233 | Lair:2   | Noticed an eight-headed hydra
 14241 | Lair:2   | Killed an eight-headed hydra
 14276 | Lair:2   | Noticed Gastronok
 14309 | Lair:2   | Killed Gastronok
 15012 | Lair:3   | Reached skill level 9 in Fighting
 15348 | Lair:3   | Found a staircase to the Shoals.
 16090 | Lair:4   | Found a transporter.
 16090 | Lair:4   | Noticed depriester88's ghost (journeyman DECj)
 16106 | Lair:4   | Found a transporter.
 16120 | Lair:4   | Noticed a seven-headed hydra
 16130 | Lair:4   | Killed a seven-headed hydra
 16196 | Lair:4   | Reached XP level 13. HP: 89/111 MP: 21/21
 17435 | Lair:5   | Reached skill level 10 in Dodging
 18498 | Lair:5   | Reached skill level 10 in Fighting
 18684 | Lair:6   | Entered Level 6 of the Lair of Beasts
 18919 | Lair:6   | Found a frozen archway.
 18935 | IceCv    | Entered an ice cave
 19645 | Lair:6   | Reached XP level 14. HP: 83/122 MP: 22/22
 20410 | Lair:6   | Found a runed door.
 20424 | Lair:6   | Reached skill level 15 in Maces & Flails
 20855 | Lair:6   | Found a staircase to the Slime Pits.
 21240 | Orc:1    | Entered Level 1 of the Orcish Mines
 21467 | Orc:2    | Entered Level 2 of the Orcish Mines
 21886 | Orc:2    | Found a staircase to the Elven Halls.
 22437 | Orc:2    | Noticed an orc warlord
 22466 | Orc:1    | Reached skill level 11 in Fighting
 22550 | Orc:1    | Killed an orc warlord
 23492 | Orc:2    | Found Eriate's General Store.
 23492 | Orc:2    | Found Iptesh's Jewellery Shoppe.
 23508 | Orc:2    | Found Exoudiu's Antique Armour Emporium.
 23508 | Orc:2    | Found Zavuwet's Antique Weapon Emporium.
 23524 | Orc:2    | Bought a +0 demon whip of electrocution for 632 gold pieces
 23532 | Orc:2    | Bought a pair of jewelled boots for 228 gold pieces
 23542 | Orc:2    | Identified the +1 pair of boots of the Past {*Contam Int+4 SInv Stlth+} (You bought it in a shop on level 2 of the Orcish Mines)
 23556 | Orc:2    | Bought a +2 shield of protection for 344 gold pieces
 23566 | Orc:2    | Bought a fine buckler for 228 gold pieces
 23566 | Orc:2    | Identified the +3 buckler "Acluohoem" {rElec} (You bought it in a shop on level 2 of the Orcish Mines)
 23791 | Orc:1    | Found a runed gate.
 23793 | Orc:1    | Found a runed gate.
 23793 | Orc:1    | Found a runed gate.
 23804 | Orc:1    | Noticed Peony's ghost (novice MiBe)
 24058 | D:12     | Reached skill level 10 in Armour
 24198 | D:12     | Noticed Harold
 24246 | D:12     | Killed Harold
 24389 | D:12     | Found a runed door.
 24687 | D:12     | Noticed Frances
 24697 | D:12     | Killed Frances
 24839 | D:12     | Noticed Azrael
 24849 | D:12     | Killed Azrael
 25038 | D:12     | Found the +5 demon whip "Spellbinder" {antimagic, MR+}
 25581 | D:13     | Reached XP level 15. HP: 107/132 MP: 23/23
 26057 | D:14     | Reached skill level 12 in Fighting
 27064 | D:14     | Found a gate to the Vaults.
 27616 | D:15     | Entered Level 15 of the Dungeon
 27864 | D:15     | Found a shattered altar of Ashenzari.
 28174 | D:15     | Noticed Urug
 28187 | D:15     | Killed Urug
 28187 | D:15     | Reached skill level 13 in Fighting
 28398 | D:15     | Found an ornate altar of the Wu Jian Council.
 28453 | D:15     | Found a staircase to the Depths.
 28898 | Spider:1 | Entered Level 1 of the Spider Nest
 30307 | Spider:1 | Reached XP level 16. HP: 126/145 MP: 24/24
 31173 | Spider:2 | Reached skill level 14 in Fighting
 31744 | Spider:2 | Got a vibrating glass ring
 33489 | Spider:4 | Entered Level 4 of the Spider Nest
 33906 | Spider:4 | Noticed Jorgrun
 33928 | Spider:3 | Killed Jorgrun
 34180 | Spider:4 | Noticed Kirke
 34220 | Spider:3 | Killed Kirke
 34741 | Spider:4 | Reached skill level 15 in Fighting
 35752 | Spider:4 | Identified the ring of Doors {rPois SInv Stlth+} (You found it on level 2 of the Spider Nest)
 36604 | Spider:4 | Got a gossamer rune of Zot
 36666 | Spider:4 | Reached XP level 17. HP: 134/156 MP: 26/26
 36805 | Lair:2   | Learned a level 4 spell: Summon Lightning Spire
 37018 | Shoals:1 | Entered Level 1 of the Shoals
 37787 | Shoals:1 | Found Biylontoj's Gadget Emporium.
 38687 | Shoals:1 | Noticed Donald
 38707 | Shoals:1 | Killed Donald
 40483 | Shoals:3 | Reached skill level 15 in Armour
 40995 | Shoals:2 | Noticed Polyphemus
 41716 | Shoals:2 | Killed Polyphemus
 43536 | Shoals:3 | Reached skill level 16 in Fighting
 44095 | Vaults:1 | Entered Level 1 of the Vaults
 44109 | Vaults:1 | Reached skill level 10 in Evocations
 44736 | Vaults:1 | Found Wioc Byl's Weapon Emporium.
 44744 | Vaults:1 | Found a shimmering altar of Xom.
 44835 | Vaults:1 | Found a flickering gateway to a bazaar.
 44840 | Bazaar   | Entered a bazaar
 45170 | Bazaar   | Found Zexzyx's Magic Scroll Shop.
 45178 | Bazaar   | Bought a scroll of teleportation for 30 gold pieces
 45178 | Bazaar   | Bought a scroll of teleportation for 30 gold pieces
 45191 | Bazaar   | Found Meshreen's Weapon Shop.
 45199 | Bazaar   | Found Toishrai's Jewellery Emporium.
 45204 | Bazaar   | Found Saiprott's Armour Emporium.
 45222 | Bazaar   | Bought the ring "Asaa" {rCorr +Inv rElec Str+2 Dex+5} for 835 gold pieces
 45222 | Bazaar   | Bought the ring "Zyczono" {*Corrode rPois rF++ Str+5 SInv} for 1027 gold pieces
 45252 | Bazaar   | Bought a scroll of enchant armour for 75 gold pieces
 45252 | Bazaar   | Bought a scroll of enchant weapon for 75 gold pieces
 45807 | Vaults:1 | Reached XP level 18. HP: 65/168 MP: 30/30
 47991 | Vaults:1 | Reached skill level 17 in Fighting
 48195 | Vaults:1 | Noticed Aizul
 48222 | Vaults:1 | Killed Aizul
 49388 | Vaults:2 | Reached skill level 5 in Shields
 51901 | Vaults:2 | Found Noav's Magic Scroll Shoppe.
 52083 | Vaults:2 | Noticed Boris
 52112 | Vaults:2 | Killed Boris
 53218 | Vaults:2 | Reached XP level 19. HP: 176/178 MP: 31/31
 53669 | Vaults:3 | Noticed a lich
 53683 | Vaults:3 | Killed a lich
 54743 | Vaults:3 | Reached skill level 10 in Shields
 54760 | Vaults:3 | Noticed Frederick
 55210 | Vaults:3 | Killed Frederick
 55210 | Vaults:3 | Reached skill level 18 in Fighting
 56444 | Vaults:3 | Found a staircase to the Crypt.
 57296 | Vaults:4 | Noticed a Brimstone Fiend
 57300 | Vaults:4 | Noticed a Brimstone Fiend
 60321 | Depths:1 | Entered Level 1 of the Depths
 60425 | Depths:1 | Reached XP level 20. HP: 186/189 MP: 32/32
 60699 | Depths:1 | Found a gateway to Hell.
 60924 | Depths:1 | Got a twitching silver ring
 61700 | Depths:1 | Identified the ring "Atoiset" {rCorr rElec} (You found it on level 1 of the Depths)
 62814 | Depths:2 | Reached skill level 19 in Fighting
 62988 | Depths:2 | Got a scintillating ruby amulet
 62989 | Depths:2 | Identified the amulet "Meefeuh" {Spirit rC+ Int+2 Dex-5} (You found it on level 2 of the Depths)
 63839 | Depths:2 | Found a one-way gate leading to the halls of Pandemonium.
 64370 | Depths:2 | Found a runed door.
 64647 | Depths:2 | Got a fine lapis lazuli ring
 64692 | Depths:2 | Found a burning altar of Makhleb.
 64704 | Depths:2 | Found the +0 Maxwell's etheric cage {RegenMP+ *Contam rElec MP+4}
 64710 | Depths:2 | Found the +9 staff of Wucad Mu {channel}
 64724 | Depths:2 | Got a jewelled plate armour
 64758 | Depths:2 | Found a runed door.
 64845 | Depths:2 | Reached skill level 15 in Shields
 64889 | Depths:2 | Got a crude bone amulet
 65204 | Depths:2 | Identified the +3 plate armour of Pusolaeh {rElec rC+ Stlth-} (You found it on level 2 of the Depths)
 66325 | Depths:3 | Noticed Mennas
 66326 | Depths:3 | Found a glowing silver altar of Zin.
 67641 | Depths:3 | Killed Mennas
 68588 | Depths:3 | Reached XP level 21. HP: 200/200 MP: 33/33
 68664 | Depths:4 | Reached skill level 20 in Fighting
 68907 | Depths:4 | Found a one-way gate to the infinite horrors of the Abyss.
 69723 | Depths:4 | Noticed a golden dragon
 69746 | Depths:4 | Killed a golden dragon
 70445 | Depths:4 | Noticed a caustic shrike
 71152 | Depths:3 | Identified the ring "Basipn" {+Fly rPois rF+ Dex-5 SInv} (You took it off a yaktaur on level 2 of the Depths)
 72041 | Depths:4 | Killed a caustic shrike
 72367 | Depths:3 | Got a jewelled large shield
 72378 | Depths:3 | Identified the +2 large shield of Focus {*Corrode rF+ rN+ Str+2} (You took it off Mennas on level 3 of the Depths)
 72465 | Depths:5 | Entered Level 5 of the Depths
 72468 | Depths:5 | Paralysed by a floating eye for 3 turns
 72998 | Depths:5 | Noticed a caustic shrike
 73023 | Depths:4 | Killed a caustic shrike
 73288 | Depths:5 | Noticed a caustic shrike
 73292 | Depths:5 | Noticed a caustic shrike
 73293 | Depths:5 | Noticed a caustic shrike
 73404 | Depths:4 | Killed a caustic shrike
 73494 | Depths:5 | Noticed a caustic shrike
 73506 | Depths:4 | Killed a caustic shrike
 73548 | Depths:4 | Killed a caustic shrike
 73692 | Depths:4 | Killed a caustic shrike
 75355 | Depths:4 | Reached XP level 22. HP: 163/211 MP: 30/34
 76222 | Depths:5 | Noticed a caustic shrike
 76222 | Depths:5 | Noticed a caustic shrike
 76222 | Depths:5 | Noticed a caustic shrike
 76222 | Depths:5 | Noticed a caustic shrike
 76237 | Depths:5 | Killed a caustic shrike
 76253 | Depths:5 | Killed a caustic shrike
 76267 | Depths:5 | Killed a caustic shrike
 76267 | Depths:5 | Reached skill level 21 in Fighting
 76478 | Depths:5 | Killed a caustic shrike
 76781 | Depths:5 | Found Jurchopua's Weapon Boutique.
 76804 | Depths:5 | Found a gateway to a ziggurat.
 77020 | Depths:5 | Found a gate to the Realm of Zot.
 78093 | Vaults:5 | Entered Level 5 of the Vaults
 78748 | Vaults:5 | HP: 5/213 [titan/the air (31)]
 78749 | Vaults:5 | Killed from afar by a storm dragon

Vault maps used:
D:1:      matt_arrival_los_fun, serial_curves, eino_curves_03, eino_curves_02,
          eino_curves_02, minmay_fountain_box, hex_large, minmay_domino_4
D:2:      cheibriados_altar_1, tso_altar
D:3:      nemelex_altar_shiori, first_ration, grunt_gozag_statues
D:4:      nicolae_overflow_hidden_temple, hangedman_abyss_or_decor_stagger,
          minmay_divided_ellipse
D:6:      nicolae_overflow_crystal_walls, minmay_temple_entry_glass,
          uniq_grinder
D:7:      feat_on_display
D:8:      enter_bailey_2, grunt_pizzeria, minmay_misc_feat_more_columns,
          uniq_psyche
D:9:      old_standard_altar, lemuel_doored_altar, minmay_orc_entry_guard_dogs,
          roderic_lattice_a, minmay_misc_feat_iff
D:10:     dpeg_lair_monsters, basic_altar
D:11:     serial_aquarium, aquarium_bridge_straight, aquarium_window_1,
          aquarium_window_fake, aquarium_window_1, aquarium_window_corner,
          aquarium_view_4, aquarium_balcony_1a
D:12:     minmay_crystal_box, uniq_azrael, uniq_harold, uniq_frances
D:14:     grunt_vaults_entry_fortified, infiniplex_staircase_pool_1,
          lightli_wizard_tower
D:15:     grunt_enter_depths_snipers, basic_altar, minivault_24,
          ashenzari_altar_1, uniq_urug
Lair:1:   infiniplex_staircase_pool_2
Lair:2:   spider_nest_entry_a, beast_lair_carwin_5, uniq_prince_ribbit2,
          uniq_gastronok
Lair:3:   minmay_shoals_entry_beasts, minmay_lair_oklob_bushes
Lair:4:   gammafunk_ghost_arena, minivault_27
Lair:5:   slaughterhouse
Lair:6:   hangedman_lair_caniforms_friends, wormcave, dpeg_slime_entry_corner,
          portal_ice_cave_entry_imps
Shoals:1: serial_shops, shop_statue, uniq_donald
Shoals:2: uniq_polyphemus
Shoals:3: hangedman_shoals_cup_caves
Spider:2: spider_trap
Spider:4: spider_rune_water, guppyfry_spider_mini_3, uniq_jorgrun, uniq_kirke
Orc:1:    gammafunk_ghost_necromancy
Orc:2:    st_orc_congregation
Vaults:1: v_alt_pattern_4, st_eye, v_alt_pattern_2, v_alt_pattern_3,
          ontoclasm_vaults_gateway, vaults_mumra_hexcomb,
          vaults_room_fancy_cross, v_pattern_2, nicolae_vaults_back_hallway,
          vaults_dpeg_doors, grunt_vaults_swirl, ontoclasm_vaults_ring_square,
          ontoclasm_vaults_pinch, nicolae_vaults_ring_of_whatevers, basic_altar,
          serial_shops, bzr_entry_gold, shop, uniq_aizul
Vaults:2: hangedman_vaults_corner, vaults_dpeg_ring, nicolae_vaults_meeting,
          vaults_room_boxed, ontoclasm_vaults_loading_screen,
          nicolae_vaults_bisected_exclaves, v_misc_9, v_misc_14, v_rooms_1,
          hangedman_vaults_slice, ontoclasm_vaults_loading_screen, serial_shops,
          nicolae_shop_statue_plus, uniq_boris
Vaults:3: hangedman_vaults_slice, dpeg_vaults_monster_row,
          minmay_crypt_entry_skeletal_spiral, v_misc_11, vaults_room_grid,
          ontoclasm_vaults_decontamination, hangedman_vaults_stretched_pinwheel,
          uniq_frederick
Vaults:4: v_misc_5, hangedman_vaults_river_flow, nicolae_vaults_circle_grid_b,
          nicolae_vaults_arrows, hangedman_vaults_locks, v_pattern_3,
          hangedman_vaults_cutoff, nicolae_vaults_specimen_jars,
          grunt_vaults_bifocal, vaults_room_semicircle
Depths:1: hell_entry, hex_intersection, lemuel_flamethrower_2
Depths:2: evilmike_makhleb_hellhole, grunt_hell_entry_dis_grunt, pan_entry,
          solitary_fountain, minmay_evil_grid, infiniplex_staircase_river
Depths:3: evilmike_silver_temple, hangedman_abyss_or_decor_slice,
          grunt_pan_entry_in_and_out, hell_entry, infiniplex_staircase_door_maze
Depths:4: minmay_octo_star, grunt_mini_vestibule, nrook_pool_corridor,
          abyss_entry_small_statue_room
Depths:5: grunt_zot_entry_bicorn, enter_ziggurat_c, serial_shops, shop,
          grunt_decor_mini_mirrors, hellmouth_1, moated_statue,
          serial_bayou_shore_b
Bazaar:   bazaar_kb_twisted_cavern
Bailey:   bailey_polearm_1, bailey
IceCv:    ice_cave_statue_garden_transporter

Skill      XL: |  1  2  3  4  5  6  7  8  9 10 11 12 13 14 15 16 17 18 19 20 21 22 |
---------------+-------------------------------------------------------------------+-----
Maces & Flails | 2 3 4 5 6 7 8 9 10 12 13 14 16 | 16.0
Armour         | 3 4 5 7 8 10 12 14 15 16 18 20 | 20.2
Fighting       | 4 5 6 8 9 10 11 13 15 16 17 18 19 20 21 | 21.4
Evocations     | 3 4 6 10 | 10.0
Dodging        | 2 6 9 10 | 10.7
Shields        | 3 4 8 12 15 | 15.0

Action                   |  1- 3 |  4- 6 |  7- 9 | 10-12 | 13-15 | 16-18 | 19-21 | 22-24 || total
-------------------------+-------+-------+-------+-------+-------+-------+-------+-------++-------
Melee: Flail             |   104 |   242 |   309 |       |       |       |       |       ||   655
       Dire flail        |       |       |    62 |       |       |       |       |       ||    62
       Eveningstar       |       |       |   195 |   718 |  1240 |  1571 |  2761 |   380 ||  6865
       Demon whip        |       |       |       |       |   831 |   961 |       |       ||  1792
       Sacred scourge    |       |       |       |       |       |       |     7 |       ||     7
 Abil: Evoke Berserk Rag |       |       |       |       |       |     5 |     2 |       ||     7
       Evoke Flight      |       |       |       |       |       |       |       |     1 ||     1
Evoke: Wand              |       |       |     5 |    25 |    14 |    35 |    14 |     6 ||    99
  Use: Scroll            |       |     6 |    17 |     8 |    14 |    27 |    25 |     3 ||   100
       Potion            |       |       |     6 |       |     2 |    10 |    12 |    11 ||    41
 Stab: Invisible         |       |       |       |       |     2 |       |     2 |       ||     4
       Petrified         |       |       |       |       |     3 |       |       |       ||     3
       Paralysed         |       |       |       |       |       |     1 |       |       ||     1
       Distracted        |       |       |       |       |       |       |     2 |       ||     2
  Eat: Chunk             |     2 |     9 |    14 |    22 |    41 |    41 |    30 |     4 ||   163
       Ration            |       |       |     1 |     3 |     2 |    11 |    13 |     2 ||    32
Armor: Scale mail        |    43 |       |       |       |       |       |       |       ||    43
       Chain mail        |     6 |   121 |   348 |   367 |   753 |   990 |    45 |       ||  2630
       Skin              |       |       |    22 |       |       |       |       |       ||    22
       Plate armour      |       |       |       |       |       |       |   541 |   153 ||   694
       Ice dragon scales |       |       |       |       |       |       |   300 |       ||   300
Dodge: Dodged            |    32 |    38 |   134 |   193 |   838 |  1229 |   953 |   160 ||  3577
       Deflected         |       |       |       |       |       |       |    14 |       ||    14
Block: Shield            |    50 |   110 |   248 |   303 |   485 |   244 |  1737 |   278 ||  3455
       Buckler           |       |       |       |       |   242 |   679 |       |       ||   921
       Reflection        |       |       |       |       |       |    12 |    45 |     5 ||    62

Table legend:
 A = Spawn XP
 B = Non-spawn XP
 C = Spawn XP percentage of total XP
 D = Spawn monster count
 E = Non-spawn monster count
 F = Spawn count percentage of total count
 G = Total turns spent on level
                    A         B        C        D         E        F      G
               +---------+---------+-------+---------+---------+-------+---------
         Total |       0 |  939633 |   0.0 |       0 |    1894 |   0.0 | 78749
               +---------+---------+-------+---------+---------+-------+---------
           D:1 |       0 |      33 |   0.0 |       0 |      14 |   0.0 |   984
           D:2 |       0 |     104 |   0.0 |       0 |      21 |   0.0 |  1087
           D:3 |       0 |     245 |   0.0 |       0 |      32 |   0.0 |  1239
           D:4 |       0 |     835 |   0.0 |       0 |      19 |   0.0 |  1507
           D:5 |       0 |     853 |   0.0 |       0 |      36 |   0.0 |  1635
           D:6 |       0 |    1052 |   0.0 |       0 |      29 |   0.0 |  1139
           D:7 |       0 |    1173 |   0.0 |       0 |      31 |   0.0 |  1001
           D:8 |       0 |    1667 |   0.0 |       0 |      26 |   0.0 |  1010
           D:9 |       0 |    6456 |   0.0 |       0 |      32 |   0.0 |  1457
          D:10 |       0 |    6320 |   0.0 |       0 |      48 |   0.0 |  1224
          D:11 |       0 |    5580 |   0.0 |       0 |      26 |   0.0 |  1045
          D:12 |       0 |   12149 |   0.0 |       0 |      48 |   0.0 |  1098
          D:13 |       0 |    8936 |   0.0 |       0 |      32 |   0.0 |   801
          D:14 |       0 |   26706 |   0.0 |       0 |      60 |   0.0 |  2545
          D:15 |       0 |   12693 |   0.0 |       0 |      29 |   0.0 |  1162
        Lair:1 |       0 |    4456 |   0.0 |       0 |      19 |   0.0 |   708
        Lair:2 |       0 |   11519 |   0.0 |       0 |      38 |   0.0 |  1417
        Lair:3 |       0 |    6297 |   0.0 |       0 |      26 |   0.0 |  1928
        Lair:4 |       0 |   11063 |   0.0 |       0 |      22 |   0.0 |  1336
        Lair:5 |       0 |   11267 |   0.0 |       0 |      29 |   0.0 |  1369
        Lair:6 |       0 |   24152 |   0.0 |       0 |     113 |   0.0 |  2446
      Shoals:1 |       0 |   23081 |   0.0 |       0 |      40 |   0.0 |  2330
      Shoals:2 |       0 |   22133 |   0.0 |       0 |      36 |   0.0 |  2674
      Shoals:3 |       0 |   15231 |   0.0 |       0 |      30 |   0.0 |  1392
      Spider:1 |       0 |   25009 |   0.0 |       0 |      75 |   0.0 |  2121
      Spider:2 |       0 |   14459 |   0.0 |       0 |      51 |   0.0 |   917
      Spider:3 |       0 |   20344 |   0.0 |       0 |      45 |   0.0 |  2213
      Spider:4 |       0 |   35057 |   0.0 |       0 |      74 |   0.0 |  2486
         Orc:1 |       0 |    7743 |   0.0 |       0 |      49 |   0.0 |  1339
         Orc:2 |       0 |    7130 |   0.0 |       0 |      67 |   0.0 |  1300
      Vaults:1 |       0 |   67972 |   0.0 |       0 |      95 |   0.0 |  4853
      Vaults:2 |       0 |   59711 |   0.0 |       0 |      86 |   0.0 |  4051
      Vaults:3 |       0 |   53159 |   0.0 |       0 |      84 |   0.0 |  3479
      Vaults:4 |       0 |   60629 |   0.0 |       0 |      87 |   0.0 |  3553
      Vaults:5 |       0 |   45303 |   0.0 |       0 |      47 |   0.0 |   137
      Depths:1 |       0 |   49781 |   0.0 |       0 |      54 |   0.0 |  2680
      Depths:2 |       0 |   56177 |   0.0 |       0 |      60 |   0.0 |  3313
      Depths:3 |       0 |   48761 |   0.0 |       0 |      42 |   0.0 |  4498
      Depths:4 |       0 |  103635 |   0.0 |       0 |      85 |   0.0 |  4350
      Depths:5 |       0 |   70756 |   0.0 |       0 |      55 |   0.0 |  2441
        Bailey |       0 |       6 |   0.0 |       0 |       2 |   0.0 |    43
               +---------+---------+-------+---------+---------+-------+---------
